 Dungeon Crawl Stone Soup version 0.29.1-2-gbd0b4ee654 (webtiles) character file.

Game seed: 9300183642166052028

6869 funnyparkerb the Thaumaturge (level 11, -5/84 HPs)
             Began as a Djinni Ice Elementalist on Oct 29, 2022.
             Was an Initiate of Ashenzari.
             Killed from afar by Joseph (16 damage)
             ... with an iceblast
             ... on level 9 of the Dungeon.
             The game lasted 00:15:31 (12683 turns).

funnyparkerb the Thaumaturge (DjIE)                Turns: 12683, Time: 00:15:31

Health: -5/84      AC:  4    Str:  7    XL:     11   Next: 26%
Gold:   610        EV: 27    Int: 21    God:    Ashenzari [......] SH:  0 Dex: 14

rFire   + + .      SeeInvis .   T - +1 dagger (flame)
rCold   x . .      Faith    .   (no shield)
rNeg    + . .      Spirit   .   a - +0 robe
rPois   ∞          Reflect  .   (no helmet)
rElec   .          Harm     +   u - scarf {harm}
rCorr   +          Rampage  .   N - +1 pair of gloves {hurl}
Will    ++...      Clarity  +   (boots unavailable)
Stlth   ++........              G - amulet of the acrobat
HPRegen 0.24/turn               M - ring "Jeipteots" {rN+ rCorr}
MPRegen 0.00/turn               n - ring of willpower

@: acrobatic, flying
A: sickness immunity, fire resistance 2, cold vulnerability 1, float, innate
caster, HP casting, extra vitality 1, clarity, deterioration 1, wild magic 1
a: Renounce Religion, Curse Item


You were on level 9 of the Dungeon.
You worshipped Ashenzari.
Ashenzari was noncommittal.
You visited 1 branch of the dungeon, and saw 9 of its levels.

You collected 610 gold pieces.

Inventory:

Hand Weapons
 T - a +1 dagger of flaming (weapon)
Missiles
 E - a throwing net
Armour
 a - a +0 robe (worn)
 b - a +0 robe
 c - a +2 ring mail of poison resistance
 e - a +0 robe
 u - a scarf of harm (worn)
 x - a +0 pair of gloves
 y - a +0 pair of gloves
 N - a +1 pair of gloves of hurling (worn)
 R - a +0 buckler
 S - a +0 buckler
Jewellery
 k - a ring of see invisible
 n - a ring of willpower (right hand)
 D - a ring of positive energy
 G - an amulet of the acrobat (around neck)
 K - an amulet of reflection
 M - the ring "Jeipteots" (left hand) {rN+ rCorr}
   (You found it on level 7 of the Dungeon)

   [ring of resist corrosion]

   rN:        It protects you from negative energy.
   rCorr:     It protects you from acid and corrosion.
 Q - the ring "Zela Pey" {rF+ rN+ Int+6}
   (You took it off a kobold brigand on level 8 of the Dungeon)

   [ring of intelligence]

   Int:       It affects your intelligence (+6).
   rF:        It protects you from fire.
   rN:        It protects you from negative energy.
Wands
 H - a wand of acid (9)
 I - a wand of flame (50)
Scrolls
 g - 12 scrolls of identify {unknown}
 h - a scroll of brand weapon {unknown}
 j - 3 scrolls of silence {unknown}
 l - 2 scrolls of noise {unknown}
 m - 12 scrolls of teleportation {unknown}
 o - 4 scrolls of vulnerability {unknown}
 p - 5 scrolls of butterflies {unknown}
 q - a scroll of acquirement {unknown}
 r - 2 scrolls of enchant weapon {unknown}
 s - 2 scrolls of poison {unknown}
 A - 3 scrolls of torment {unknown}
 F - 3 scrolls of blinking {unknown}
 L - 2 scrolls of fear {unknown}
 O - a scroll of magic mapping {unknown}
Potions
 d - a potion of ambrosia {unknown}
 f - 3 potions of curing {unknown}
 i - a potion of mutation
 t - a potion of might {unknown}
 v - a potion of attraction
 w - 2 potions of haste
 z - a potion of resistance {unknown}
 B - a potion of flight {unknown}
 C - 3 potions of brilliance {unknown}
 J - a potion of lignification {unknown}
 P - a potion of berserk rage {unknown}
 U - 2 potions of heal wounds


   Skills:
 + Level 9.5 Fighting
 - Level 2.1 Dodging
 - Level 1.5 Stealth
 * Level 11.0 Spellcasting


You had 8 spell levels left.
You knew the following spells:

 Your Spells              Type           Power      Damage    Failure   Level
a - Freeze                Ice            100%       1d11      1%          1
b - Frozen Ramparts       Ice            100%       1d16      1%          3
c - Ozocubu's Armour      Ice            66%        N/A       1%          3
d - Hailstorm             Conj/Ice       66%        3d14      1%          4
e - Foxfire               Conj/Fire      100%       2x1d9     1%          1
f - Scorch                Fire           100%       2d10      1%          2
g - Vampiric Draining     Necr           66%        2d10      1%          3
h - Summon Guardian Gole  Hex/Summ       66%        N/A       1%          3
i - Fulminant Prism       Conj/Hex       33%        3d16      1%          4
Your spell library was empty.

Dungeon Overview and Level Annotations

Branches:
Dungeon (9/15)             Temple (0/1) D:4            Lair (0/5) D:8
    Orc: D:9-12

Altars:
Ashenzari
Dithmenos
Fedhas
Nemelex Xobeh
Okawaru
Ru
Uskayaw
Wu Jian
Yredelemnul
Zin

Annotations:
D:9 Joseph


Innate Abilities, Weirdness & Mutations

You are immune to sickness and miasma.
You are immune to poison.
Your flesh is very heat resistant. (rF++)
You are vulnerable to cold. (rC-)
You float through the air rather than walking.
You learn spells naturally, not from books.
Your magical power is your life essence.
You have superior vitality. (+4 MHP)
You possess an exceptional clarity of mind.
Your body sometimes deteriorates upon taking damage.
Your spells are a little harder to cast, but a little more powerful.


Message History

The blast of energy engulfs the killer bee!!!
You kill the killer bee!
You hear a shout!
You start resting.
Joseph, a Mercenary comes into view.
He is wielding a +0 quarterstaff and carrying a wand of iceblast (4).
Casting: Fulminant Prism (dangerous; 1% risk of failure)
Confirm with . or Enter, or press ? or * to list all spells.
A guardian golem appears, shielding your allies.
Joseph shouts!
Joseph smiles happily.
Joseph unwields a +0 quarterstaff.
Joseph wields a +0 sling.
Joseph shoots a sling bullet.
The sling bullet barely misses you. What are your orders? t - Shout!
Orders for allies: a - Attack new target. r - Retreat! s - Stop attacking. g - Guard the area. f - Follow me.
Anything else - Cancel.
Guard this area!
Something hits your guardian golem but does no damage.
Something completely misses your guardian golem.
Your guardian golem disappears in a puff of smoke!
Things that are here:
a +0 mace; a +0 ring mail; an orc skeleton
There is an open door here.
You reach down and close the door.
You start resting.
Joseph, a Mercenary opens the door.
He is wielding a +0 quarterstaff and carrying a wand of iceblast (4).
You reach down and close the door.
Joseph breaks down the door.
Joseph attacks as you move away! Joseph hits you with a +0 quarterstaff!
Joseph unwields a +0 quarterstaff.
Joseph wields a +0 sling.
Joseph shoots a sling bullet.
The sling bullet barely misses you.
Casting: Summon Guardian Golem (safe; 1% risk of failure)
Confirm with . or Enter, or press ? or * to list all spells.
A guardian golem appears, shielding your allies.
Joseph shoots a sling bullet.
The sling bullet hits you!
* * * LOW HITPOINT WARNING * * *
Joseph zaps a wand.
The mass of ice explodes!
The iceblast engulfs you!
You feel a painful chill!
You die...

#.#############...........†
#+###..........................
.............................†.
..)...........)..........§..###
....................#######.#
...).......#@########. #.#
.)######...#.......... #.# o
#...###........ #.#
#.....#@.9..... #.#
#.....#........ #9#
#.#####........ #.###
#.#............ #....
#.#....########+ #....
####.##'###.............@..
...........................
...........................
...........................


You could see Joseph (ally target) and a friendly guardian golem (summoned).

Vanquished Creatures
  A wizard (D:9)
  2 wyverns
  The ghost of DyvineHeals the Ruffian, an amateur TrWr (D:5)
  8 yaks (D:9)
  2 water moccasins (D:8)
  A sky beast (D:8)
  An orc warrior (D:7)
  A black bear (D:8)
  3 ice beasts
  2 ogres
  A centaur (D:7)
  A phantom (D:4)
  2 kobold brigands
  6 bullfrogs
  2 gnoll sergeants
  2 scorpions
  2 necrophages
  3 killer bees (D:9)
  2 howler monkeys
  2 jellies
  4 hounds
  A centaur skeleton (D:5)
  8 orc priests
  Jessica (D:2)
  4 hell rats (D:8)
  2 iguanas
  9 orc wizards
  A killer bee zombie (D:5)
  14 gnolls
  9 adders
  7 river rats (D:8)
  A shadow imp (D:6)
  A white imp (D:8)
  An ufetubus (D:4)
  2 worms
  A dart slug (D:4)
  37 orcs
  9 endoplasms
  8 giant cockroaches
  7 goblins
  7 hobgoblins
  4 jackals
  8 quokkas
  3 ball pythons
  10 bats
  2 frilled lizards
  13 kobolds
  29 rats
  A spectral orc (D:8)
249 creatures vanquished.

Vanquished Creatures (others)
  4 yaks
  An acid dragon (D:8)
  Duvessa (D:7)
  2 orc warriors
  2 black bears (D:8)
  A kobold brigand (D:8)
  A bullfrog (D:8)
  Dowan (D:7)
  521 foxfires
  11 fulminant prisms (D:9)
  51 fungi (D:8)
  44 plants (D:8)
640 creatures vanquished.

Grand Total: 889 creatures vanquished

Notes
Turn   | Place    | Note
-------+----------+-------------------------------------------
     0 | D:1      | funnyparkerb the Djinni Ice Elementalist began the quest
                  | for the Orb.
     0 | D:1      | funnyparkerb set off with the following spells memorised:
                  | Freeze, Frozen Ramparts, Ozocubu's Armour, Hailstorm.
     0 | D:1      | Reached XP level 1. HP: 15/15 MP: 0/0
   420 | D:1      | Reached XP level 2. HP: 21/22 MP: 0/0
   547 | D:1      | Found a faded altar of an unknown god.
   847 | D:1      | Reached skill level 1 in Fighting
   993 | D:1      | Reached XP level 3. HP: 26/27 MP: 0/0
   993 | D:1      | Learned a level 1 spell: Foxfire
  2186 | D:2      | Found a shadowy altar of Dithmenos.
  2227 | D:2      | Reached XP level 4. HP: 24/32 MP: 0/0
  2329 | D:2      | Reached skill level 4 in Spellcasting
  2546 | D:2      | Noticed Jessica
  2549 | D:2      | Killed Jessica
  3164 | D:3      | Reached XP level 5. HP: 30/38 MP: 0/0
  3164 | D:3      | Learned a level 2 spell: Scorch
  3607 | D:3      | Found a sparkling altar of Nemelex Xobeh.
  4156 | D:4      | Found a staircase to the Ecumenical Temple.
  4159 | D:4      | Reached XP level 6. HP: 43/45 MP: 0/0
  4436 | D:4      | Found an ornate altar of the Wu Jian Council.
  4436 | D:4      | Found a blossoming altar of Fedhas.
  4523 | D:4      | Reached skill level 5 in Spellcasting
  4742 | D:4      | Noticed an ogre
  4752 | D:4      | Killed an ogre
  4867 | D:4      | Reached XP level 7. HP: 31/51 MP: 0/0
  4867 | D:4      | Learned a level 3 spell: Vampiric Draining
  5414 | D:5      | Entered Level 5 of the Dungeon
  5731 | D:5      | Found a runed translucent gate.
  5731 | D:5      | Found a runed translucent gate.
  5731 | D:5      | Found a runed translucent gate.
  5732 | D:5      | Noticed DyvineHeals's ghost (amateur TrWr)
  5762 | D:5      | Reached skill level 6 in Spellcasting
  6029 | D:5      | Reached XP level 8. HP: 49/58 MP: 0/0
  6494 | D:5      | Gained mutation: Your body sometimes deteriorates upon
                  | taking damage. [potion of mutation]
  6494 | D:5      | Gained mutation: You possess an exceptional clarity of
                  | mind. [potion of mutation]
  6494 | D:5      | Gained mutation: Your spells are a little harder to cast,
                  | but a little more powerful. [potion of mutation]
  6498 | D:5      | Killed DyvineHeals's ghost
  6499 | D:5      | Reached skill level 5 in Fighting
  6978 | D:6      | Reached skill level 7 in Spellcasting
  7313 | D:6      | Found a broken altar of Ashenzari.
  7728 | D:6      | Reached XP level 9. HP: 64/66 MP: 0/0
  7728 | D:6      | Learned a level 3 spell: Summon Guardian Golem
  8197 | D:6      | Became a worshipper of Ashenzari the Shackled
  8301 | D:7      | Reached skill level 8 in Spellcasting
  8485 | D:7      | Identified the ring "Jeipteots" {rN+ rCorr}
  8664 | D:7      | Identified the +7 whip of Burning Responsibility {spect,
                  | Fragile rCorr Dex+4}
  8834 | D:7      | Noticed Duvessa
  8834 | D:7      | Noticed Dowan
  8848 | D:7      | Killed Dowan
  8865 | D:7      | Killed Duvessa
  9029 | D:7      | Found a hide-covered altar of Uskayaw.
  9029 | D:7      | Found an iron altar of Okawaru.
  9557 | D:7      | Reached skill level 9 in Spellcasting
  9557 | D:7      | Reached XP level 10. HP: 52/75 MP: 0/0
 10023 | D:8      | Found a sacrificial altar of Ru.
 10032 | D:8      | Found a glowing silver altar of Zin.
 10264 | D:8      | Identified the ring "Zela Pey" {rF+ rN+ Int+6}
 10785 | D:8      | Found a staircase to the Lair.
 10796 | D:8      | Reached skill level 10 in Spellcasting
 11138 | D:8      | Found a basalt altar of Yredelemnul.
 12053 | D:9      | Noticed a wizard
 12063 | D:9      | Killed a wizard
 12206 | D:9      | Reached XP level 11. HP: 74/84 MP: 0/0
 12206 | D:9      | Learned a level 4 spell: Fulminant Prism
 12371 | D:9      | Reached skill level 11 in Spellcasting
 12643 | D:9      | Noticed Joseph
 12683 | D:9      | Killed from afar by Joseph

Illustrated notes

Levels and vault maps discovered:
D:1:      dpeg_arrival_prison, layout_basic,
          hellmonk_ecumenical_altar_slurped_away, minmay_tripent
D:2:      layout_rooms, basic_altar, uniq_jessica
D:3:      layout_basic, nemelex_dance_club_becter, columned_hall_lemuel
D:4:      layout_basic, gammafunk_temple_overflow_wave, minmay_temple_entry_tees
D:5:      layout_loops_ring, gammafunk_ghost_necromancy
D:6:      layout_basic, nicolae_ashenzari_skybound
D:7:      layout_loops_ring, mainiacjoe_overflow_divided_tiny, uniq_duvessa
D:8:      lemuel_ratsnest, layout_basic, yredelemnul_forgotten_temple_becter,
          amethyst_overflow_temple_binary, due_lair_maze_entry_diamond
D:9:      layout_irregular_city, uniq_joseph

Skill      XL: |  1  2  3  4  5  6  7  8  9 10 11 |
---------------+----------------------------------+-----
Fighting       | 1 2 3 4 5 7 9 |  9.5
Spellcasting   | 4 5 6 7 9 10 11 | 11.0
Dodging        | |  2.1
Stealth        | |  1.5

Action                   |  1- 3 |  4- 6 |  7- 9 | 10-12 || total
-------------------------+-------+-------+-------+-------++-------
Melee: Unarmed           |     1 |       |       |       ||     1
       Dagger            |     1 |       |       |       ||     1
 Cast: Freeze            |    38 |     7 |       |       ||    45
       Foxfire           |    61 |   106 |   118 |    46 ||   331
       Ozocubu's Armour  |     2 |     4 |     9 |     5 ||    20
       Frozen Ramparts   |     1 |     5 |    11 |     4 ||    21
       Scorch            |       |    16 |    72 |    84 ||   172
       Summon Guardian G |       |       |    10 |    15 ||    25
       Hailstorm         |       |       |       |     1 ||     1
       Fulminant Prism   |       |       |       |    11 ||    11
  Use: Potion            |       |       |     4 |       ||     4
Armor: Robe              |     8 |       |    17 |     7 ||    32
Dodge: Dodged            |    21 |     7 |    33 |    29 ||    90
